 Dungeon Crawl Stone Soup version 0.23.1-44-gbd83930989 (webtiles) character file.

Game seed: 14000882285776748872

22 voronchuk the Vexing (level 2, 0/19 HPs)
             Began as a Vampire Enchanter on Mar 30, 2019.
             Slain by a goblin
             ... wielding a +0 club
              (2 damage)
             ... on level 1 of the Dungeon.
             The game lasted 00:10:43 (740 turns).

voronchuk the Vexing (Vampire Enchanter)             Turns: 740, Time: 00:10:44

Health: 0/19       AC:  2    Str:  7    XL:     2   Next: 68%
Magic:  5/5        EV: 12    Int: 17    God:
Gold:   72         SH:  0    Dex: 14    Spells: 4/5 levels left

rFire    . . .     SeeInvis +   m - +2 dagger (drain)
rCold    . . .     Gourm    .   (no shield)
rNeg     + . .     Faith    .   b - +0 robe
rPois    .         Spirit   .   (no helmet)
rElec    .         Reflect  .   (no cloak)
rCorr    .         Harm     .   (no gloves)
MR       .....                  (no boots)
Stlth    +++.......             (no amulet)
HPRegen  0.06/turn              (no ring)
MPRegen  0.09/turn              (no ring)

@: no status effects
A: fangs 3, see invisible, unbreathing
a: no special abilities


You were on level 1 of the Dungeon.
You were not thirsty.

You visited 1 branch of the dungeon, and saw 1 of its levels.

You collected 72 gold pieces.

Inventory:

Hand Weapons
 a - a +1 dagger
 f - a +2 short sword of venom
 m - a +2 dagger of draining (weapon)
Armour
 b - a +0 robe (worn)
Scrolls
 e - 2 scrolls of remove curse {unknown}
 g - 4 scrolls of identify {unknown}
 h - 3 scrolls of enchant armour {unknown}
 j - 2 scrolls of amnesia {unknown}
 l - a scroll of enchant weapon {unknown}
Potions
 c - 2 potions of curing {unknown}
 d - 2 potions of blood
 i - a potion of heal wounds {unknown}
 k - a potion of haste {unknown}


   Skills:
 + Level 0.2 Fighting
 + Level 1.1 Short Blades
 + Level 2.2 Dodging
 + Level 4.9 Stealth
 + Level 2.3 Spellcasting
 + Level 5.1 Hexes


You had 4 spell levels left.
You knew the following spells:

 Your Spells              Type           Power        Failure   Level  Hunger
a - Corona                Hex            ###....      2%          1    #......

Your spell library contained the following spells:

 Spells                   Type           Power        Failure   Level  Hunger
 Confuse                  Hex            ###.....     7%          3    ###....
 Tukima's Dance           Hex            ###.....     7%          3    ###....
 Ensorcelled Hibernation  Hex/Ice        ##....       10%         2    ###....
 Dazzling Spray           Conj/Hex       ##....       21%         3    ###....


Dungeon Overview and Level Annotations

Branches:
Dungeon (1/15)

Altars:


Innate Abilities, Weirdness & Mutations

You have razor-sharp teeth.
You have supernaturally acute eyesight. (SInv)
You can survive without breathing.


Message History

Your +2 short sword of venom stops dripping with poison.
You sense an unholy aura.
m - a +2 dagger of draining (weapon)
Found a stone staircase leading down.
Found a scroll labeled LOFROYRIXY.
g - 4 scrolls labeled LOFROYRIXY (gained 1)
You open the door.
There is an open door here.
There is an open door here.
A goblin comes into view. It is wielding a +0 club.
The goblin shouts!
The goblin hits you with a +0 club.
You closely miss the goblin. The goblin hits you with a +0 club.
You closely miss the goblin.
A giant cockroach comes into view.
You miss the goblin. The goblin hits you with a +0 club.
* * * LOW HITPOINT WARNING * * *
Yummy - fresh blood!
The goblin hits you but does no damage.
You barely miss the goblin. The goblin hits you with a +0 club.
You die...

#.###.###.###...(..
#.#...#%#(#.#......
#.###.#)#.#.#......
#.............##...
#...)..........#...
#.###.###.###..'...
#.#.#.# #.#.#.##...
#.#.#.#.#.#.#......
#.@g...............
#..s..........##...
#.#.#.###.###......
#.#.#.# # #......
#.### #.#.... #..
...#.### ###
#.#.#.# #...#.. #
#####


You could see a giant cockroach and a goblin.

Vanquished Creatures
  2 dart slugs (D:1)
  2 leopard geckos (D:1)
  A giant cockroach (D:1)
  A goblin (D:1)
  3 hobgoblins (D:1)
  4 kobolds (D:1)
  A bat (D:1)
14 creatures vanquished.

Notes
Turn   | Place    | Note
-------+----------+-------------------------------------------
     0 | D:1      | voronchuk the Vampire Enchanter began the quest for the
                  | Orb.
     0 | D:1      | Reached XP level 1. HP: 13/13 MP: 3/3
   450 | D:1      | Reached XP level 2. HP: 13/19 MP: 5/5
   472 | D:1      | Reached skill level 5 in Hexes
   740 | D:1      | Slain by a goblin

Skill      XL: |  1  2 |
---------------+-------+-----
Hexes          | 5 |  5.1
Fighting       | |  0.2
Short Blades   | |  1.1
Dodging        | |  2.2
Stealth        | |  4.9
Spellcasting   | |  2.3

Action                   || total
-------------------------++-------
Melee: Short sword       ||    36
       Bite              ||     2
       Dagger            ||     4
 Cast: Corona            ||     4
  Use: Potion            ||     1
 Stab: Sleeping          ||     2
  Eat: Corpse            ||     2
Armor: Robe              ||     5
Dodge: Dodged            ||    19
